 Dungeon Crawl Stone Soup version 0.29.1-1-gd02db6906a (webtiles) character file.

Game seed: 3903164798258612140

130499 croobank the Spry (level 16, -1/81 HPs)
             Began as a Felid Summoner on Oct 15, 2022.
             Was an Initiate of Gozag.
             Slain by a seven-headed hydra (2 damage)
             ... on level 4 of the Swamp on Oct 16, 2022.
             The game lasted 04:53:43 (43577 turns).

croobank the Spry (Felid Summoner)                 Turns: 43577, Time: 04:53:43

Health: -1/81      AC:  7    Str:  4    XL:     16   Next: 23%
Magic:  35/35      EV: 30    Int: 25    God:    Gozag
Gold:   1722       SH:  0    Dex: 16    Spells: 8/43 levels left
                                        Lives:  0   Deaths: 3

rFire   . . .      SeeInvis +   (weapon unavailable)
rCold   + + .      Faith    .   (shield unavailable)
rNeg    . . .      Spirit   .   (body armour unavailable)
rPois   .          Reflect  .   (helmet unavailable)
rElec   .          Harm     .   (cloak unavailable)
rCorr   .          Rampage  .   (gloves unavailable)
Will    ++...                   (boots unavailable)
Stlth   +.........              E - amulet of magic regeneration
HPRegen 0.23/turn               b - +4 ring of protection
MPRegen 0.64/turn               B - ring of protection from cold

@: on berserk cooldown, slowed, very slow
A: very small, claws 1, fangs 3, see invisible, speed 1, shaggy fur 3, stealthy
paws, no weapons or thrown items, no armour, multi-lived
}: 1/15 runes: serpentine
a: Renounce Religion, Potion Petition, Call Merchant, Bribe Branch


You were on level 4 of the Swamp.
You worshipped Gozag.
Gozag was most pleased with you.
You visited 8 branches of the dungeon, and saw 30 of its levels.
You also visited: Gauntlet.

You collected 9398 gold pieces.
You spent 713 gold pieces at shops.
You paid 6963 gold pieces to Gozag.

Inventory:

Jewellery
 b - a +4 ring of protection (left paw)
 c - the ring of Gecaivytt {rC+ rN+ Will+ Dex+6}
   (You acquired it on level 2 of the Dungeon)

   [ring of dexterity]

   Dex:       It affects your dexterity (+6).
   rC:        It protects you from cold.
   rN:        It protects you from negative energy.
   Will:      It increases your willpower.
 k - a ring of willpower
 l - a +6 ring of intelligence
 t - a ring of magical power
 B - a ring of protection from cold (right paw)
 E - an amulet of magic regeneration (around neck)
 F - a ring of fire
 G - a ring of ice
 K - a ring of positive energy
 P - a ring of willpower
Wands
 i - a wand of polymorph (22)
 n - a wand of quicksilver (4)
 s - a wand of mindburst (10)
 u - a wand of iceblast (7)
 x - a wand of paralysis (17)
 y - a wand of digging (2)
 C - a wand of flame (5)
Scrolls
 d - a scroll of immolation
 j - 3 scrolls of butterflies
 q - 3 scrolls of poison
 r - a scroll of magic mapping
 w - 3 scrolls of amnesia
 D - 6 scrolls of identify
 J - 3 scrolls of teleportation
 O - a scroll of vulnerability
Potions
 a - 4 potions of ambrosia
 e - 7 potions of curing
 f - 5 potions of brilliance
 g - 3 potions of attraction
 h - a potion of mutation
 m - 2 potions of berserk rage
 o - 10 potions of lignification
 p - a potion of might
 z - 4 potions of cancellation
 I - a potion of flight
 M - a potion of haste
Miscellaneous
 v - a lightning rod (4/4)
 A - a phial of floods
 H - a box of beasts


   Skills:
 - Level 15.0 Fighting
 - Level 19.0 Dodging
 - Level 3.4 Stealth
 + Level 14.0 Spellcasting
 - Level 7.0 Hexes
 - Level 16.0 Summonings
 + Level 10.3 Transmutations
 - Level 7.0 Air Magic


You had 8 spell levels left.
You knew the following spells:

 Your Spells              Type           Power      Damage    Failure   Level
a - Yara's Violent Unrav  Hex/Tmut       28%        3d12      2%          5
b - Call Imp              Summ           78%        N/A       0%          2
c - Call Canine Familiar  Summ           78%        N/A       0%          3
d - Summon Guardian Gole  Hex/Summ       66%        N/A       1%          3
e - Summon Lightning Spi  Summ/Air       66%        N/A       1%          4
f - Summon Mana Viper     Hex/Summ       66%        N/A       1%          5
g - Summon Cactus Giant   Summ           39%        N/A       1%          6
h - Monstrous Menagerie   Summ           39%        N/A       3%          7

Your spell library contained the following spells:

 Spells                   Type           Power      Damage    Failure   Level
 Summon Small Mammal      Summ           100%       N/A       0%          1
 Shock                    Conj/Air       100%       1d9       1%          1
 Ensorcelled Hibernation  Hex/Ice        70%        N/A       1%          2
 Passwall                 Tmut/Erth      35%        N/A       1%          2
 Static Discharge         Conj/Air       35%        3-8/arc   1%          2
 Confusing Touch          Hex            51%        N/A       1%          3
 Spider Form              Tmut/Pois      43%        N/A       1%          3
 Swiftness                Air            51%        N/A       1%          3
 Airstrike                Air            25%        2d(4-20)  1%          4
 Cause Fear               Hex            25%        N/A       1%          4
 Summon Ice Beast         Ice/Summ       55%        N/A       1%          4
 Dazzling Flash           Conj/Hex       70%        N/A       2%          3
 Ignite Poison            Fire/Tmut/Pois 34%        N/A       2%          3
 Foxfire                  Conj/Fire      68%        2x1d7     3%          1
 Freeze                   Ice            68%        1d8       3%          1
 Mephitic Cloud           Conj/Pois/Air  29%        N/A       3%          3
 Silence                  Hex/Air        25%        N/A       4%          5
 Anguish                  Hex/Necr       17%        N/A       8%          4
 Leda's Liquefaction      Hex/Erth       17%        N/A       8%          4
 Conjure Flame            Conj/Fire      17%        6-21      10%         3
 Frozen Ramparts          Ice            34%        1d6       10%         3
 Irradiate                Conj/Tmut      21%        3d18      11%         5
 Lightning Bolt           Conj/Air       17%        1d32      22%         5
 Summon Horrible Things   Summ           39%        N/A       30%         8
 Hailstorm                Conj/Ice       17%        3d6       32%         4
 Iskenderun's Mystic Bla  Conj/Tloc      17%        2d5       32%         4
 Sticky Flame             Conj/Fire      17%        2d4       32%         4
 Freezing Cloud           Conj/Ice/Air   14%        6-21      34%         5
 Dragon Form              Tmut           31%        N/A       36%         7
 Malign Gateway           Summ/Tloc      27%        N/A       71%         7
 Spellforged Servitor     Conj/Summ      27%        N/A       71%         7
 Conjure Ball Lightning   Conj/Air       17%        3x3d6     75%         6
 Enfeeble                 Hex            25%        N/A       83%         7
 Starburst                Conj/Fire      8%         6d4       99%         6
 Necromutation            Tmut/Necr      21%        N/A       100%        8
 Dragon's Call            Summ           39%        N/A       99%         9
 Fire Storm               Conj/Fire      8%         8d2       100%        9


Dungeon Overview and Level Annotations

Branches:
Dungeon (12/15)            Temple (1/1) D:7            Lair (5/5) D:9
  Swamp (4/4) Lair:3        Snake (4/4) Lair:3        Slime (1/5) Lair:5
    Orc (2/2) D:10            Elf (1/3) Orc:2       Gauntlet (visited)

Altars:
Ashenzari
Cheibriados
Dithmenos
Elyvilon
Fedhas
Gozag
Hepliaklqana
Kikubaaqudgha
Makhleb
Nemelex Xobeh
Okawaru
Qazlal
Ru
Sif Muna
Trog
Uskayaw
Vehumet
Wu Jian
Xom
Yredelemnul
Zin
The Shining One
Jiyva

Shops:
D:2 =   D:6 (   Orc:2 :(((*   Snake:3 ([==

Annotations:
D:10 6 runed translucent doors
Lair:1 3 runed translucent doors, Lutefisk's ghost, journeyman VSBr
Lair:2 3 runed translucent doors, Homeless's ghost, journeyman TrCK; Rudyous's ghost, journeyman MiFi
Lair:4 2 transporters
Lair:5 2 runed translucent doors
Swamp:4 2 transporters, quakins's ghost, adept HOFi
Snake:1 1 runed translucent door
Snake:2 Vashnia
Snake:3 Roxanne
Elf:1 6 runed translucent doors


Innate Abilities, Weirdness & Mutations

You have sharp claws.
You have razor-sharp teeth.
You have supernaturally acute eyesight. (SInv)
You cover ground quickly. (Speed+)
Your thick and shaggy fur keeps you warm. (AC +3, rC+)
Your paws help you pounce on unaware monsters.
You are incapable of wielding weapons or throwing items.
You cannot wear armour.
You gain extra lives every three experience levels.


Message History

The four-headed hydra bites you but does no damage.
The four-headed hydra bites you! The four-headed hydra misses you.
Okay, then.
As you read the scroll of fear, it crumbles to dust.
You assume a fearsome visage.
The four-headed hydra resists with almost no effort.
The seven-headed hydra resists with some effort.
The four-headed hydra completely misses you.
The four-headed hydra bites you but does no damage.
The four-headed hydra completely misses you.
The four-headed hydra bites you but does no damage.
The four-headed hydra misses you. The four-headed hydra bites you!
* * * LOW HITPOINT WARNING * * *
The four-headed hydra barely misses you.
The four-headed hydra bites you but does no damage.
Okay, then. [a] - 504 gold - might, brilliance and haste [b] - 273 gold - heal wounds, curing and berserk rage [c] - 336 gold - heal wounds, curing and magic Purchase which effect?
You feel much better.
You feel better. Magic courses through your body.
The seven-headed hydra misses you. The seven-headed hydra bites you!
The seven-headed hydra misses you.
The seven-headed hydra barely misses you.
The seven-headed hydra completely misses you.
The seven-headed hydra bites you. The seven-headed hydra misses you.
The four-headed hydra bites you!
* * * LOW HITPOINT WARNING * * *
The four-headed hydra bites you!
* * * LOW HITPOINT WARNING * * *
The four-headed hydra completely misses you.
The four-headed hydra barely misses you.
The seven-headed hydra completely misses you.
The seven-headed hydra bites you!
* * * LOW HITPOINT WARNING * * *
The seven-headed hydra bites you but does no damage.
The seven-headed hydra completely misses you.
The seven-headed hydra bites you.
You die...
Your body crumbles into a pile of gold.

♣♣♣♣..♣~.§~~~~..~~~§..
♣♣~~~~♣♣.~~§~~~~~.~~...
♣♣♣♣♣♣♣§..§§..~~~§~~...~~~~..
♣~.~♣~.~~~~~§~§~~~...~~~~~~~~
♣.....~~~~~~~§~..♣♣~~~~~~~~~~
♣~~~♣♣.§~~§~~~.~.§...~~~~~.~~~
♣ ♣~§...♣.~♣...~~..♣~.~♣~.~
♣♣..~♣♣♣♣♣...~..~§~~♣♣##♣§
♣~§~~~♣ ♣@D.~..~~~♣♣# #♣
♣.~~~~♣♣♣♣D§~~.~§♣#
♣♣.~~..~♣..8~.~.♣#
♣.~~~~~~.♣♣♣♣..♣
♣♣.~~~~~....♣~♣#
♣<~§~§..~~..~♣ ♣.~~~~♣.~~.~~~
♣~...~♣♣♣...~~~ # ♣♣♣♣♣♣♣
.~§~~. #f


You could see a seven-headed hydra, a four-headed hydra (ally target) and a
friendly lightning spire (summoned).

Vanquished Creatures
  2 orc warlords
  3 anacondas
  A shock serpent (Snake:4)
  A salamander (Snake:2)
  2 naga magi (Snake:2)
  A guardian serpent (Snake:4)
  A cane toad (Lair:2)
  2 yaks (Lair:2)
  A wyvern (Lair:2)
  A naga (Snake:2)
  A water moccasin (Lair:5)
  4 orc warriors
  2 orc priests
  4 orc wizards
  A hell rat (Lair:2)
  A gnoll (D:4)
  An ufetubus (D:7)
  A dart slug (D:4)
  4 orcs
  An endoplasm (D:3)
  4 giant cockroaches
  A goblin (D:1)
  A hobgoblin (D:4)
  A jackal (D:2)
  A quokka (D:2)
  A ball python (D:2)
  3 bats
  2 rats
49 creatures vanquished.

Vanquished Creatures (collateral kills)
  Asterion (Snake:2)
  A thorn hunter (Swamp:2)
  Kirke (Lair:4)
  Aizul (Snake:3)
  3 ghouls
  5 bunyips
  3 eleionomae
  The ghost of hawla the Arsonist, a journeyman MeFE (Snake:1)
  Josephine (Lair:5)
  3 shambling mangroves
  15 hydras
  A catoblepas (Lair:5)
  An ogre mage (D:12)
  A spriggan air mage (Swamp:4)
  Erolcha (D:11)
  13 anacondas
  A ghost crab (Swamp:2)
  2 salamander tyrants (Snake:2)
  4 two-headed ogres
  5 alligators
  4 death yaks
  5 naga warriors
  6 shock serpents
  4 naga sharpshooters
  An orc high priest (Orc:2)
  A spriggan berserker (Swamp:3)
  Nergalle (Orc:1)
  5 goliath frogs
  4 sea snakes (Snake:2)
  3 skeletal warriors (D:12)
  5 spriggan druids
  4 salamander mystics
  6 swamp dragons
  A naga ritualist (Snake:1)
  12 bog bodies
  3 lindwurms
  An oklob plant (Lair:4)
  7 mana vipers
  The ghost of Xanbad the Covert, a novice DECj of Vehumet (D:8)
  4 orc sorcerers (Orc:2)
  4 cyclopes
  An ugly thing (D:12)
  12 salamanders
  A will-o-the-wisp (Swamp:3)
  4 elephants (Lair:4)
  3 naga magi
  28 black mambas
  4 guardian serpents
  2 molten gargoyles (Lair:5)
  Psyche (D:8)
  A torpor snail (Lair:2)
  13 cane toads
  A gargoyle (D:11)
  5 rime drakes
  An unseen horror (D:11)
  11 komodo dragons
  5 trolls
  2 polar bears
  9 tyrant leeches
  A slime creature (D:12)
  13 hornets
  12 dream sheep
  Sigmund (D:3)
  A shadow (D:9)
  17 spriggans
  5 wraiths (Lair:5)
  2 hogs (Lair:4)
  12 wyverns
  34 yaks
  4 steam dragons
  Eustachio (D:5)
  3 vampire mosquitoes (D:12)
  4 basilisks
  13 swamp worms
  25 nagas
  4 wargs
  5 hell hounds (Lair:5)
  15 water moccasins
  29 orc warriors
  A sky beast (D:6)
  10 swamp drakes
  2 ice beasts
  3 black bears
  4 ogres
  A centaur (D:9)
  A kobold brigand (D:11)
  13 bullfrogs
  A gnoll sergeant (D:10)
  2 scorpions
  7 necrophages
  6 wights (D:8)
  12 killer bees (Lair:2)
  3 howler monkeys (D:9)
  5 lava snakes (Lair:5)
  3 jellies
  27 orc priests
  4 hounds
  2 iguanas
  Natasha (thrice) (D:4)
  33 orc wizards
  8 nameless horrors
  Robin (D:3)
  6 adders
  14 gnolls
  4 white imps
  3 worms
  2 dart slugs (D:1)
  59 orcs
  3 ball pythons
  7 endoplasms
  5 giant cockroaches
  17 goblins
  5 hobgoblins
  11 jackals
  2 quokkas
  5 bats
  3 frilled lizards
  A goblin skeleton (D:10)
  A goblin zombie (D:10)
  10 kobolds
  A kobold skeleton (D:10)
  6 rats
768 creatures vanquished.

Vanquished Creatures (others)
  Saint Roka (Snake:4)
  Jorgrun (Snake:2)
  2 nagarajas
  A boulder beetle (D:12)
  A hydra (Lair:3)
  A salamander tyrant (Snake:4)
  An anaconda (Snake:2)
  4 naga warriors
  4 death yaks
  2 shock serpents
  2 naga sharpshooters (Snake:3)
  A salamander mystic (Snake:4)
  A naga ritualist (Snake:1)
  2 sea snakes (Snake:2)
  2 skeletal warriors (D:12)
  2 mana vipers
  A lindwurm (Snake:4)
  An ugly thing (D:12)
  A salamander (Snake:4)
  A guardian serpent (Snake:4)
  An elephant (Lair:4)
  A naga mage (Snake:3)
  2 black mambas (Snake:1)
  A gargoyle (D:10)
  A cane toad (Lair:1)
  A rime drake (Lair:2)
  2 komodo dragons (Lair:1)
  A queen bee (Lair:2)
  2 bloated husks (Swamp:3)
  A troll (D:9)
  A wyvern (D:9)
  4 yaks
  A steam dragon (D:6)
  5 nagas (Snake:3)
  2 water moccasins
  5 orc warriors (Snake:4)
  An ogre (Snake:4)
  Blork the orc (D:4)
  A gnoll sergeant (D:6)
  7 wights
  2 killer bees (Lair:2)
  A gnoll bouda (D:5)
  An orc wizard (D:6)
  5 hell rats (Lair:2)
  5 orcs
  A bush (Lair:3)
  48 fungi
  106 plants
  4 toadstools (D:7)
246 creatures vanquished.

Grand Total: 1063 creatures vanquished

Notes
Turn   | Place    | Note
-------+----------+-------------------------------------------
     0 | D:1      | croobank the Felid Summoner began the quest for the Orb.
     0 | D:1      | Reached XP level 1. HP: 7/7 MP: 4/4
   254 | D:1      | Reached skill level 3 in Dodging
   254 | D:1      | Reached XP level 2. HP: 11/11 MP: 3/6
   257 | D:1      | Learned a level 2 spell: Call Imp
   906 | D:1      | Reached XP level 3. HP: 14/14 MP: 2/7
   910 | D:1      | Learned a level 3 spell: Call Canine Familiar
  1207 | D:1      | Found a faded altar of an unknown god.
  2075 | D:2      | Found Yxisk's Jewellery Boutique.
  2320 | D:2      | Reached XP level 4. HP: 18/18 MP: 4/8
  2477 | D:2      | Reached skill level 1 in Fighting
  2968 | D:2      | Identified a scroll of acquirement
  2968 | D:2      | Acquired the ring of Gecaivytt {rC+ rN+ Will+ Dex+6}
  3043 | D:3      | Reached skill level 4 in Dodging
  3372 | D:3      | Reached XP level 5. HP: 17/22 MP: 2/10
  3396 | D:3      | Noticed Robin
  3411 | D:3      | Killed Robin
  3419 | D:3      | Learned a level 3 spell: Summon Guardian Golem
  3593 | D:3      | Noticed Sigmund
  4398 | D:4      | Noticed Blork the orc
  4399 | D:4      | Identified the +0 pair of boots "Daeth" {rF++ rN+ Int-3}
  4411 | D:4      | Killed Blork the orc
  4412 | D:4      | Reached skill level 1 in Hexes
  4412 | D:4      | Reached skill level 5 in Summonings
  4412 | D:4      | Gained mutation: You are covered in thick fur. (AC +2)
                  | [Felid growth]
  4412 | D:4      | Reached XP level 6. HP: 26/26 MP: 5/11
  4462 | D:4      | Found a glowing golden altar of the Shining One.
  4877 | D:4      | Noticed Natasha
  4886 | D:4      | Killed Natasha
  5296 | D:4      | Noticed Natasha
  5301 | D:4      | Killed Natasha
  5411 | D:4      | Noticed Natasha
  5419 | D:4      | Killed Natasha
  5420 | D:4      | Reached skill level 5 in Dodging
  5525 | D:5      | Entered Level 5 of the Dungeon
  5572 | D:5      | Noticed Eustachio
  5605 | D:5      | Acquired the Tractate on Allied Curses
  5637 | D:5      | Killed Eustachio
  5638 | D:5      | Reached XP level 7. HP: 19/31 MP: 3/13
  5781 | D:5      | Learned a level 4 spell: Summon Lightning Spire
  6111 | D:5      | Acquired the Writings on Congregated Blasts
  6163 | D:5      | Found a sparkling altar of Nemelex Xobeh.
  6359 | D:5      | Reached skill level 1 in Air Magic
  6951 | D:6      | Found Gaosui Tytu's Weapon Emporium.
  7071 | D:6      | Reached skill level 6 in Dodging
  7071 | D:6      | Reached XP level 8. HP: 26/35 MP: 6/15
  7400 | D:6      | Reached skill level 5 in Hexes
  7988 | D:6      | Reached skill level 5 in Spellcasting
  8350 | D:3      | Killed Sigmund
  8351 | D:3      | Reached skill level 7 in Dodging
  8728 | D:7      | Found an ornate altar of the Wu Jian Council.
  9059 | D:7      | Reached XP level 9. HP: 36/40 MP: 12/17
  9325 | D:7      | Found a staircase to the Ecumenical Temple.
  9342 | Temple   | Entered the Ecumenical Temple
  9405 | Temple   | Became a worshipper of Gozag Ym Sagoz the Greedy
  9864 | D:8      | Reached skill level 5 in Fighting
  9972 | D:8      | Found a radiant altar of Vehumet.
 10131 | D:8      | Noticed Psyche
 10149 | D:8      | Killed Psyche
 10150 | D:8      | Reached skill level 8 in Dodging
 10443 | D:8      | Found a runed translucent door.
 10450 | D:8      | Noticed Xanbad's ghost (novice DECj)
 10451 | D:8      | Noticed a polar bear
 10451 | D:8      | Identified the +8 spear of Xom {freeze, Contam rPois Str+2}
 10789 | D:9      | Reached XP level 10. HP: 45/45 MP: 7/20
 10795 | D:9      | Reached skill level 9 in Dodging
 10870 | D:9      | Reached skill level 5 in Air Magic
 10967 | D:9      | Found a staircase to the Lair.
 11547 | D:9      | Noticed a two-headed ogre
 11583 | D:9      | Killed a two-headed ogre
 11705 | D:9      | HP: 1/46 [themself (45)]
 12414 | D:10     | Entered Level 10 of the Dungeon
 12414 | D:10     | Noticed a two-headed ogre
 12429 | D:10     | Killed a two-headed ogre
 12430 | D:10     | Reached skill level 10 in Dodging
 12587 | D:10     | Found a runed translucent door.
 12620 | D:10     | Noticed a black mamba
 12622 | D:10     | Found a runed translucent gate.
 12622 | D:10     | Found a runed translucent gate.
 12623 | D:10     | Noticed a black mamba
 12634 | D:10     | Found the +9 staff of Olgreb {rPois∞}
 12637 | D:10     | Found a runed translucent door.
 12664 | D:10     | Reached XP level 11. HP: 50/50 MP: 12/23
 12837 | D:10     | Noticed a wolf spider
 12842 | D:10     | Found a hazy altar of Hepliaklqana.
 12894 | D:10     | Found a runed translucent door.
 12904 | D:10     | Found a basalt altar of Yredelemnul.
 13318 | D:10     | Found a staircase to the Orcish Mines.
 13449 | D:10     | Found a runed translucent gate.
 13451 | D:10     | Noticed a wolf spider
 13451 | D:10     | Noticed a wolf spider
 13451 | D:10     | Noticed a wolf spider
 13452 | D:10     | Noticed a wolf spider
 13636 | D:11     | Noticed Erolcha
 13669 | Lair:1   | Entered Level 1 of the Lair of Beasts
 13680 | D:9      | Learned a level 5 spell: Summon Mana Viper
 13751 | Lair:1   | Learned a level 6 spell: Summon Cactus Giant
 13849 | Lair:1   | You fall into a shaft and drop 1 floor!
 14137 | Lair:1   | Found a gate leading to a gauntlet.
 14203 | Gauntlet | Entered a Gauntlet
 14203 | Gauntlet | Found a transporter.
 14211 | Gauntlet | Noticed a tengu warrior
 14214 | Gauntlet | Found a transporter.
 14228 | Gauntlet | Found a transporter.
 14233 | Gauntlet | Found a transporter.
 14248 | Gauntlet | Found a transporter.
 14266 | Gauntlet | Noticed a ghost crab
 14267 | Gauntlet | Found a transporter.
 14301 | Gauntlet | Noticed a death yak
 14302 | Gauntlet | Found a transporter.
 14302 | Gauntlet | Noticed a death yak
 14303 | Gauntlet | Noticed a death yak
 14314 | Gauntlet | Found a transporter.
 14318 | Gauntlet | Noticed a blizzard demon
 14319 | Gauntlet | Found a transporter.
 14336 | Gauntlet | Found a transporter.
 14341 | Gauntlet | Noticed a ghost crab
 14344 | Gauntlet | Found a transporter.
 14344 | Gauntlet | Found a transporter.
 14344 | Gauntlet | Found a transporter.
 14367 | Gauntlet | Found a transporter.
 14384 | Gauntlet | Found a transporter.
 14404 | Gauntlet | Found a transporter.
 14425 | Gauntlet | Noticed a tengu warrior
 14429 | Gauntlet | Found a transporter.
 14447 | Gauntlet | Found a transporter.
 14786 | Lair:1   | Identified the +1 short sword of Poukuh {drain, rF++ Str+2}
 14843 | Lair:1   | Found a runed translucent gate.
 14844 | Lair:1   | Found a runed translucent gate.
 14844 | Lair:1   | Found a runed translucent gate.
 14846 | Lair:1   | Noticed Lutefisk's ghost (journeyman VSBr)
 14858 | Lair:1   | Reached skill level 11 in Dodging
 16041 | Lair:2   | Noticed a death yak
 16180 | Lair:2   | Noticed a death yak
 16306 | Lair:2   | Slain by a cane toad
 16307 | Lair:2   | Reached XP level 10. HP: -2/49 MP: 19/23
 16366 | Lair:2   | Noticed a torpor snail
 16374 | Lair:2   | Killed a torpor snail
 16375 | Lair:2   | Reached XP level 11. HP: 52/52 MP: 8/24
 16517 | Lair:2   | Killed a death yak
 16529 | Lair:2   | Killed a death yak
 16791 | Lair:2   | Reached skill level 12 in Dodging
 17369 | Lair:2   | Reached skill level 10 in Summonings
 17483 | Lair:2   | Found a runed translucent gate.
 17484 | Lair:2   | Found a runed translucent gate.
 17485 | Lair:2   | Found a runed translucent gate.
 17488 | Lair:2   | Noticed Homeless's ghost (journeyman TrCK)
 17488 | Lair:2   | Noticed Rudyous's ghost (journeyman MiFi)
 17988 | Lair:3   | Noticed a six-headed hydra
 17995 | Lair:3   | Killed a six-headed hydra
 18488 | Lair:3   | Found a staircase to the Snake Pit.
 18501 | Lair:3   | Found a basalt altar of Yredelemnul.
 19146 | Lair:3   | Found a staircase to the Swamp.
 19146 | Lair:3   | Noticed a bog body
 19168 | Lair:3   | Killed a bog body
 19169 | Lair:3   | Gained mutation: Your thick and shaggy fur keeps you warm.
                  | (AC +3, rC+) [Felid growth]
 19169 | Lair:3   | Reached XP level 12. HP: 37/57 MP: 5/26
 19424 | Lair:3   | Reached skill level 13 in Dodging
 19646 | Lair:4   | Noticed Kirke
 19656 | Lair:4   | Killed Kirke
 19785 | Lair:4   | Noticed a death yak
 19787 | Lair:4   | Noticed a death yak
 19789 | Lair:4   | Noticed a death yak
 19795 | Lair:4   | Noticed a death yak
 19803 | Lair:4   | Noticed a death yak
 19804 | Lair:4   | Killed a death yak
 19804 | Lair:4   | Killed a death yak
 19805 | Lair:4   | Reached skill level 10 in Fighting
 19808 | Lair:4   | Killed a death yak
 19814 | Lair:4   | Killed a death yak
 19821 | Lair:4   | Killed a death yak
 19960 | Lair:4   | Reached skill level 10 in Spellcasting
 20636 | Lair:4   | Found a transporter.
 20636 | Lair:4   | Found a transporter.
 20636 | Lair:4   | Noticed a boulder beetle
 20636 | Lair:4   | Noticed a boulder beetle
 21008 | Lair:5   | Entered Level 5 of the Lair of Beasts
 21017 | Lair:5   | Reached skill level 14 in Dodging
 21024 | Lair:5   | Noticed Josephine
 21032 | Lair:5   | Killed Josephine
 21156 | Lair:5   | Found a runed translucent door.
 21156 | Lair:5   | Found a viscous altar of Jiyva.
 21157 | Lair:5   | Found a staircase to the Slime Pits.
 21280 | Lair:5   | Noticed a six-headed hydra
 21287 | Lair:5   | Killed a six-headed hydra
 21290 | Lair:5   | Reached XP level 13. HP: 49/63 MP: 14/28
 22479 | Lair:5   | Reached skill level 15 in Dodging
 22782 | Lair:5   | Learned a level 7 spell: Monstrous Menagerie
 24127 | Lair:5   | Found a large runed translucent door.
 24128 | Lair:5   | Found a large runed translucent door.
 24140 | Lair:5   | Noticed a fire dragon
 24613 | D:8      | Killed Xanbad's ghost
 24850 | D:11     | Killed Erolcha
 24961 | D:11     | Reached skill level 16 in Dodging
 25542 | D:11     | Acquired the Writings on Conjury and Transfiguration
 25989 | D:11     | Reached XP level 14. HP: 69/69 MP: 23/29
 26732 | D:12     | Found a runed translucent door.
 26809 | D:12     | Identified the +2 robe "Muaneim" {rPois Regen+ Int-5}
 26809 | D:12     | Identified the ring "Tesefeki" {EV+4 Str+2 Int+4 Dex+3
                  | Stlth+}
 27132 | D:11     | Reached XP level 15. HP: 73/73 MP: 30/30
 27178 | Orc:1    | Entered Level 1 of the Orcish Mines
 27178 | Orc:1    | Noticed an orc warlord
 27189 | D:10     | Learned a level 5 spell: Yara's Violent Unravelling
 27658 | Orc:2    | Entered Level 2 of the Orcish Mines
 27658 | Orc:2    | Noticed an orc warlord
 27672 | Orc:1    | Noticed Nergalle
 27693 | Orc:1    | Killed Nergalle
 27727 | Orc:1    | Killed an orc warlord
 28635 | Orc:2    | Killed an orc warlord
 29347 | Orc:2    | Found Teiddu's Weapon Emporium.
 29347 | Orc:2    | Found Imof's Antique Weapon Emporium.
 29349 | Orc:2    | Found Seabuy's Antique Weapon Shoppe.
 29355 | Orc:2    | Found March's Book Shoppe.
 29936 | Orc:2    | Found Veumnac's Assorted Antiques.
 29944 | Orc:2    | Bought a scroll labelled ASTASOA BURE for 29 gold pieces
 29944 | Orc:2    | Bought a scroll of identify for 58 gold pieces
 29944 | Orc:2    | Bought a scroll of vulnerability for 116 gold pieces
 29970 | Orc:2    | Found a staircase to the Elven Halls.
 30152 | Snake:1  | Entered Level 1 of the Snake Pit
 30341 | Snake:1  | Reached skill level 17 in Dodging
 30444 | Snake:1  | Found a large runed translucent door.
 30444 | Snake:1  | Found a large runed translucent door.
 30446 | Snake:1  | Noticed hawla's ghost (journeyman MeFE)
 30911 | Snake:1  | Found a glowing silver altar of Zin.
 31855 | Snake:1  | Found a runed translucent door.
 31856 | Snake:1  | Identified the ring "Quqac" {Ice rElec rPois Int-5 Dex+2}
 32687 | Snake:1  | Killed hawla's ghost
 32855 | Snake:2  | Found a white marble altar of Elyvilon.
 33075 | Snake:2  | Noticed Asterion
 33346 | Snake:2  | Reached XP level 16. HP: 78/78 MP: 1/32
 33634 | Snake:2  | Killed Asterion
 34430 | Snake:2  | Reached skill level 18 in Dodging
 34432 | Snake:2  | Noticed Jorgrun
 34453 | Snake:2  | Killed Jorgrun
 34851 | Snake:2  | Noticed Vashnia
 34882 | Snake:2  | Shot with an arrow by a naga sharpshooter
 34883 | Snake:2  | Reached XP level 15. HP: 0/75 MP: 7/31
 34918 | Snake:2  | Found a snail-covered altar of Cheibriados.
 35225 | Snake:3  | Noticed a nagaraja
 35454 | Snake:3  | Identified Roxanne's Almanac of the Figure
 35454 | Snake:3  | Noticed Roxanne
 35699 | Snake:3  | Found Cexedwot's Jewellery Shoppe.
 35706 | Snake:3  | Bought an amulet of magic regeneration for 510 gold pieces
 35725 | Snake:3  | Found Yriehoh's Antique Armour Shop.
 35884 | Snake:3  | Noticed Aizul
 35899 | Snake:3  | Killed Aizul
 36106 | Snake:3  | Found Wythod's Jewellery Emporium.
 36152 | Snake:3  | Killed a nagaraja
 36295 | Snake:3  | Found Silik's Weapon Shop.
 36469 | Snake:4  | Entered Level 4 of the Snake Pit
 36873 | Snake:4  | Noticed Saint Roka
 36888 | Snake:4  | Noticed a nagaraja
 37001 | Snake:4  | Noticed a nagaraja
 37004 | Snake:4  | Killed a nagaraja
 37113 | Snake:4  | Your ally Saint Roka died
 37240 | Snake:4  | Got a serpentine rune of Zot
 37383 | Snake:2  | Reached skill level 19 in Dodging
 37383 | Snake:2  | Reached skill level 15 in Summonings
 37394 | Snake:2  | Slain by a salamander
 37395 | Snake:2  | Reached XP level 14. HP: -1/72 MP: 14/31
 37418 | Snake:2  | Reached XP level 15. HP: 76/76 MP: 27/32
 37749 | Elf:1    | Entered Level 1 of the Elven Halls
 37749 | Elf:1    | Noticed a deep elf sorcerer
 37749 | Elf:1    | Noticed a deep elf sorcerer
 37749 | Elf:1    | Found a runed translucent gate.
 37749 | Elf:1    | Found a runed translucent gate.
 37749 | Elf:1    | Found a runed translucent gate.
 37749 | Elf:1    | Found a runed translucent gate.
 37749 | Elf:1    | Found a runed translucent gate.
 37749 | Elf:1    | Found a runed translucent gate.
 37883 | Slime:1  | Entered Level 1 of the Pits of Slime
 37937 | Swamp:1  | Entered Level 1 of the Swamp
 37947 | Swamp:1  | Reached skill level 15 in Fighting
 38198 | Swamp:1  | Identified the +8 falchion "Doggiot" {freeze, Dex+3}
 40591 | Swamp:2  | Noticed a thorn hunter
 40598 | Swamp:2  | Killed a thorn hunter
 40622 | Swamp:2  | Found a burning altar of Makhleb.
 42788 | Swamp:4  | Entered Level 4 of the Swamp
 42854 | Swamp:4  | Reached XP level 16. HP: 60/81 MP: 19/34
 43021 | Swamp:4  | Found the +9 heavy crossbow "Sniper" {vorpal, Acc+∞ SInv}
 43023 | Swamp:4  | Noticed a thorn hunter
 43023 | Swamp:4  | Noticed a tentacled monstrosity
 43026 | Swamp:4  | Noticed a thorn hunter
 43028 | Swamp:4  | Noticed quakins's ghost (adept HOFi)
 43033 | Swamp:4  | Found a transporter.
 43036 | Swamp:4  | Found a transporter.
 43461 | Swamp:4  | Reached skill level 10 in Transmutations
 43516 | Swamp:4  | Noticed a thorn hunter
 43577 | Swamp:4  | HP: 1/81 [seven-headed hydra (12)]
 43577 | Swamp:4  | Slain by a seven-headed hydra

Illustrated notes

Levels and vault maps discovered:
D:1:      minmay_arrival_checkered_box, layout_loops_corners,
          hellmonk_ecumenical_altar_heavens_door, roderic_roman_lattice,
          minmay_three_crescents
D:2:      layout_basic, serial_shops, shop_fountains
D:3:      layout_basic, uniq_robin, uniq_sigmund
D:4:      layout_gridville, tso_oasis_becter, nicolae_ossuary_entry_plus,
          uniq_natasha, uniq_blork_the_orc
D:5:      layout_rooms, nemelex_altar_shiori, uniq_eustachio
D:6:      layout_loops_ring, serial_shops, nicolae_shop_crystal
D:7:      layout_cave_pods, nicolae_wu_jian_glorious_leap,
          minmay_temple_entry_tees, minmay_gold_behind_fungi
D:8:      layout_rooms, vehumet_crystals, ebering_ghost_funeral_grove,
          uniq_psyche
D:9:      layout_basic, minmay_lair_entry_grove, minmay_misc_feat_doors
D:10:     layout_roguey, dk_yredelemnul_ordeal, nicolae_overflow_crystal_walls,
          erik_orc_4, minmay_guarded_unrand_staff_of_olgreb
D:11:     layout_basic, uniq_erolcha
D:12:     minmay_the_grid_triangle_9x9_rhombus_thin_mashed
          [minmay_the_grid_triangle_9x9_limited_checkers,
          minmay_the_grid_triangle_9x9_prize_schism,
          minmay_the_grid_triangle_9x9_corruption,
          minmay_the_grid_triangle_9x9_subtriangle], layout_long_grid,
          minivault_13
Temple:   nicolae_temple_superstar
Lair:1:   layout_regular_city, ebering_ghost_rock_garden, gauntlet_entry_generic
Lair:2:   layout_hall_layers, special_room [special_room_bee],
          gammafunk_ghost_cemetery, infiniplex_staircase_pool_2,
          grunt_megastairs_2
Lair:3:   layout_concentric_octagons, skrybe_swamp_entry_bodies,
          minmay_snake_entry_guardpost_small, basic_altar
Lair:4:   gammafunk_boulding_lane, layout_misc_corridors, serial_forest,
          infiniplex_forest_zigzag_1, infiniplex_forest_pool,
          infiniplex_forest_clump_double, infiniplex_forest_zigzag_2,
          infiniplex_forest_straight_3, infiniplex_forest_lined_ring,
          chequers_serial_rivers_micro_a, minmay_lair_oklob_items, minmay_holes,
          uniq_kirke
Lair:5:   cheibrodos_lair_end_hotspot, layout_regular_city, slime_entry_2,
          nicolae_lair_yak_garden, uniq_josephine
Swamp:1:  layout_basic_swamp, nicolae_swamp_rocky_clearing, swamp_pool5,
          hangedman_swamp_ravenous
Swamp:2:  layout_basic_swamp, nicolae_swamp_godswood
Swamp:3:  layout_basic_swamp, serial_swamp_ruin, evilmike_swamp_ruin_house_2,
          evilmike_swamp_ruin_house_6, evilmike_swamp_ruin_house_1, swamp_pool5,
          nicolae_swamp_very_dense_foliage
Swamp:4:  swamp, layout_basic_swamp, gammafunk_ghost_arena
Snake:1:  cheibrodos_toxic_ritual, layout_layer_cave, basic_altar,
          ebering_ghost_disaster_area
Snake:2:  minmay_snake_river, layout_grid_shapes, basic_altar,
          ebering_ghost_gozag, st_stairs_4, lemuel_altar_in_water2,
          grunt_ministairs_14, drop_trap, uniq_jorgrun, uniq_asterion,
          uniq_vashnia
Snake:3:  layout_onion, serial_shops, shop, nicolae_diamond_shop,
          nicolae_lakefront_shop, shop_fountains, st_stairs_7,
          nicolae_large_snake_swirl, uniq_roxanne, uniq_aizul
Snake:4:  snake_pit_salamanders_mu, layout_chambers, uniq_saint_roka
Slime:1:  layout_caves
Orc:1:    layout_caves, uniq_nergalle
Orc:2:    st_orc_mages, layout_caves, serial_shops, nicolae_shop_hallway_plus
Elf:1:    nicolae_elf_arrival_dilemma, layout_loops_cross, serial_shops,
          nicolae_shop_bloodbath_and_beyond, nicolae_shop_waterfront,
          minmay_elf_demonology

Skill      XL: |  1  2  3  4  5  6  7  8  9 10 11 12 13 14 15 16 |
---------------+-------------------------------------------------+-----
Stealth        | 3 |  3.4
Dodging        | 3 4 5 6 7 8 10 12 14 16 19 18 | 19.0
Fighting       | 1 2 3 4 6 7 9 10 12 15 | 15.0
Spellcasting   | 3 4 5 6 7 9 10 13 14 | 14.0
Hexes          | 1 3 4 5 7 6 |  7.0
Summonings     | 5 6 7 8 10 11 12 13 16 14 | 16.0
Air Magic      | 1 3 4 5 7 |  7.0
Transmutations | 6 9 10 | 10.3

Action                   |  1- 3 |  4- 6 |  7- 9 | 10-12 | 13-15 | 16-18 || total
-------------------------+-------+-------+-------+-------+-------+-------++-------
Melee: Unarmed           |    30 |    42 |    16 |    42 |    65 |    11 ||   206
       Bite              |     6 |     6 |       |    11 |     9 |     1 ||    33
 Cast: Summon Small Mamm |    52 |    50 |    62 |    38 |     6 |       ||   208
       Call Imp          |    14 |     9 |    10 |    12 |     9 |       ||    54
       Call Canine Famil |     8 |    18 |    37 |    39 |    38 |       ||   140
       Summon Guardian G |       |     3 |    21 |    44 |    18 |     5 ||    91
       Summon Lightning  |       |       |     8 |    42 |   105 |    20 ||   175
       Summon Mana Viper |       |       |       |    50 |   120 |    16 ||   186
       Summon Cactus Gia |       |       |       |    21 |   135 |    19 ||   175
       Monstrous Menager |       |       |       |       |    74 |    15 ||    89
       Yara's Violent Un |       |       |       |       |    11 |     3 ||    14
Invok: Potion Petition   |       |       |       |       |     6 |     3 ||     9
       Bribe Branch      |       |       |       |       |     1 |       ||     1
Evoke: Wand              |       |       |       |     4 |    13 |     2 ||    19
       Phial of floods   |       |       |       |     1 |       |     1 ||     2
       Lightning rod     |       |       |       |       |     4 |     4 ||     8
       Box of beasts     |       |       |       |       |     1 |       ||     1
  Use: Scroll            |       |    17 |     6 |     9 |    17 |     5 ||    54
       Potion            |       |       |     3 |     6 |    11 |     4 ||    24
 Stab: Sleeping          |     1 |     2 |       |       |       |       ||     3
       Distracted        |       |       |       |     2 |     5 |     3 ||    10
       Invisible         |       |       |       |       |     1 |       ||     1
       Paralysed         |       |       |       |       |       |     2 ||     2
Armor: Skin              |     5 |       |     1 |     3 |     4 |     5 ||    18
Dodge: Dodged            |    52 |    46 |    28 |   126 |   455 |    68 ||   775
